 Dungeon Crawl Stone Soup version 0.30-a0-626-gd6a5dd7a1f (webtiles) character file.

Game seed: 9872334550939389258

26878 Citaku the Severer (level 13, -4/116 HPs)
             Began as a Minotaur Fighter on Jan 11, 2023.
             Was an Initiate of Gozag.
             Succumbed to Nessos's poison
             ... on level 12 of the Dungeon.
             The game lasted 00:33:47 (17913 turns).

Citaku the Severer (Minotaur Fighter)              Turns: 17913, Time: 00:33:48

Health: -4/116     AC: 24    Str: 31    XL:     13   Next: 1%
Magic:  12/12      EV:  8    Int:  7    God:    Gozag
Gold:   2019       SH:  7    Dex: 12    Spells: 12/12 levels left

rFire   + . .      SeeInvis .    B - +5 hand axe of Circularity {holy, rF+ Str+2 Stlth+}
rCold   . . .      Faith    .    c - +0 buckler
rNeg    + . .      Spirit   .    I - +0 plate armour
rPois   .          Reflect  .    (helmet restricted)
rElec   +          Harm     .    m - +0 cloak
rCorr   +          Rampage  .    (no gloves)
Will    .....                    G - +0 pair of boots Stlth
                                 (no amulet)
HPRegen 0.39/turn                N - ring of resist corrosion
MPRegen 0.13/turn                l - ring of Emeh {rElec rN+ AC+4 Str+7}

@: lethally poisoned (-4 -> -22), studying Axes
A: horns 2, retaliatory headbutt
a: Renounce Religion, Potion Petition, Call Merchant, Bribe Branch


You were on level 12 of the Dungeon.
You worshipped Gozag.
Gozag was most pleased with you.
You visited 2 branches of the dungeon, and saw 13 of its levels.
You also visited: Sewer and Bailey.

You collected 2432 gold pieces.
You spent 248 gold pieces at shops.
You paid 165 gold pieces to Gozag.

Inventory:

Hand Weapons
 B - the +5 hand axe of Circularity (weapon) {holy, rF+ Str+2 Stlth+}
   (You bought it in a shop on level 3 of the Dungeon)

   Str:       It affects your strength (+2).
   rF:        It protects you from fire.
   Stlth:     It makes you more stealthy.
Armour
 c - a +0 buckler (worn)
 m - a +0 cloak (worn)
 G - a +0 pair of boots (worn)
 I - a +0 plate armour (worn)
Jewellery
 l - the ring of Emeh (right hand) {rElec rN+ AC+4 Str+7}
   (You found it on level 3 of the Dungeon)

   [ring of protection]

   AC:        It affects your AC (+4).
   Str:       It affects your strength (+7).
   rElec:     It insulates you from electricity.
   rN:        It protects you from negative energy.
 N - a ring of resist corrosion (left hand)
Wands
 e - a wand of iceblast (7)
 o - a wand of mindburst (7)
 u - a wand of flame (3)
 w - a wand of charming (12)
 L - a wand of polymorph (8)
 M - a wand of digging (4)
Scrolls
 b - 2 scrolls of immolation
 d - a scroll of noise
 g - 2 scrolls of identify
 r - 3 scrolls of teleportation
 s - 3 scrolls of enchant weapon
 t - 3 scrolls of amnesia
 v - a scroll of fog
 x - 3 scrolls of vulnerability
 y - 3 scrolls of enchant armour
 C - 2 scrolls of brand weapon
 E - 5 scrolls of poison
Potions
 a - 4 potions of brilliance
 f - a potion of flight
 h - 4 potions of mutation
 i - a potion of might
 j - a potion of ambrosia
 n - a potion of haste
 p - 2 potions of magic
 z - a potion of invisibility
 A - 4 potions of resistance
Miscellaneous
 q - a tin of tremorstones (2/2)


   Skills:
 + Level 11.4 Fighting
 * Level 16.6 Axes
 * Level 15.6 Armour
 + Level 11.5 Shields


You had 12 spell levels left.
You didn't know any spells.
Your spell library contained the following spells:

 Spells                   Type           Power      Damage    Failure   Level
 Apportation              Tloc           0%         N/A       95%         1
 Freeze                   Ice            0%         1d3       95%         1
 Necrotise                Necr           0%         1d4       95%         1
 Summon Small Mammal      Summ           0%         N/A       95%         1
 Blink                    Tloc           0%         N/A       99%         2
 Cigotuvi's Dreadful Rot  Necr/Pois/Air  0%         N/A       99%         2
 Scorch                   Fire           0%         2d5       99%         2
 Static Discharge         Conj/Air       0%         2-2/arc   99%         2
 Frozen Ramparts          Ice            0%         1d1       100%        3
 Gell's Gravitas          Tloc           0%         N/A       100%        3
 Hailstorm                Conj/Ice       0%         3d3       100%        3
 Teleport Other           Tloc           0%         N/A       100%        3
 Vhi's Electric Charge    Tloc/Air       0%         N/A       100%        3
 Dispel Undead            Necr           0%         3d6       100%        4
 Flame Wave               Conj/Fire      0%         2d4       100%        4
 Manifold Assault         Tloc           0%         N/A       100%        4
 Arcjolt                  Conj/Air       0%         1d10      100%        5
 Lightning Bolt           Conj/Air       0%         1d11      100%        5
 Death Channel            Necr           0%         N/A       100%        6
 Dispersal                Tloc           0%         N/A       100%        6
 Summon Cactus Giant      Summ           0%         N/A       100%        6
 Storm Form               Tmut/Air       0%         N/A       100%        7


Dungeon Overview and Level Annotations

Branches:
Dungeon (12/15)            Temple (1/1) D:7            Lair (0/5) D:8
    Orc (0/2) D:12          Sewer (visited)          Bailey (visited)

Altars:
Ashenzari
Dithmenos
Elyvilon
Fedhas
Gozag
Hepliaklqana
Kikubaaqudgha
Makhleb
Nemelex Xobeh
Okawaru
Qazlal
Ru
Sif Muna
Trog
Uskayaw
Vehumet
Xom
Yredelemnul
Zin
The Shining One

Shops:
D:3 (   D:9 (

Annotations:
D:12 Nessos


Innate Abilities, Weirdness & Mutations

You have a pair of horns on your head.
You reflexively headbutt those who attack you in melee.


Message History

You barely miss Nessos. You headbutt Nessos.
Nessos is severely wounded.
Nessos gestures wildly while chanting.
Nessos blinks!
Nessos wields a +2 longbow of flaming.
It bursts into flame!
Nessos shoots an arrow.
The arrow hits you!
* * * LOW HITPOINT WARNING * * *
The arrow burns you.
You are poisoned.
* * * LOW HITPOINT WARNING * * *
You feel very sick.
Nessos unwields a +2 longbow of flaming.
It stops flaming.
You block Nessos's attack. Nessos kicks you.
* * * LOW HITPOINT WARNING * * *
Nessos hits you.
* * * LOW HITPOINT WARNING * * *
Nessos kicks you but does no damage.
You feel better. Nessos hits you.
* * * LOW HITPOINT WARNING * * *
Nessos kicks you but does no damage. Nessos hits you but does no damage.
Nessos barely misses you.
You hit Nessos but do no damage. You headbutt Nessos, but do no damage.
Nessos is severely wounded.
Nessos mumbles some strange words.
Nessos blinks!
Nessos wields a +2 longbow of flaming.
It bursts into flame!
Nessos shoots an arrow.
You block the arrow.
Okay, then.
As you read the scroll of fog, it crumbles to dust.
The scroll dissolves into smoke.
Nessos shoots an arrow.
The arrow hits you!
* * * LOW HITPOINT WARNING * * *
You are lethally poisoned!
* * * LOW HITPOINT WARNING * * *
You feel very sick.
Nessos mumbles some strange words.
Nessos blinks!
Nessos mumbles some strange words.
Nessos blinks!
You die...
Your body crumbles into a pile of gold.

##.# #.*#...................#..
##.#####.##...................#..
.................§#...........##.
...........,.....c.......##.#.##.
##.####.###.#.##..#..##.###.#.##.
#.# #.# #.#.##..#..##.# #.#.##.
#.# #.# #.............###.#.##.
#.####.#####.##.§#........(..##.
#............##@§#..######.#.##.
##.####.########§§#§.######.#,*#.
..............§§§§§§.........,*#.
#######.......§§§§§§........#,*#.
##########§###.######.#,*#. #.#
#.# *,***#. ### ### *** ##


You could see Nessos (fast).

Vanquished Creatures
  A minotaur (shapeshifter) (D:9)
  An ogre mage (D:12)
  6 two-headed ogres
  The ghost of Decipherer the Basher, a novice MiBe of Trog (D:7)
  3 boulder beetles
  2 ugly things (D:12)
  Pikel (D:4)
  An orc sorcerer (Bailey)
  A cyclops (D:11)
  3 manticores
  The ghost of mn3067 the Carver, a novice GrGl (D:6)
  2 kobold demonologists
  4 komodo dragons
  2 unseen horrors (D:11)
  Maggie (D:6)
  3 trolls
  A hornet (D:10)
  Prince Ribbit (D:9)
  3 slime creatures
  3 shadows
  3 wyverns
  18 yaks
  2 wraiths
  8 vampire mosquitoes
  2 basilisks (D:8)
  4 steam dragons
  An acid dragon (D:12)
  A water moccasin (D:6)
  An ice beast (D:7)
  20 orc warriors
  A sky beast (D:8)
  5 ogres
  3 centaurs
  A phantom (D:5)
  12 kobold brigands
  3 bullfrogs
  A gnoll sergeant (D:11)
  2 scorpions (D:6)
  4 wights (D:9)
  6 killer bees (D:8)
  8 electric eels (Bailey)
  A crimson imp (D:7)
  2 gnoll boudas
  9 orc priests
  4 hounds
  10 jellies
  Jessica (D:2)
  11 iguanas
  Ijyb (D:3)
  Terence (D:3)
  10 orc wizards
  14 adders
  17 gnolls
  2 river rats (Sewer)
  A white imp (D:6)
  An ufetubus (D:6)
  3 worms
  2 dart slugs (D:4)
  32 orcs
  9 ball pythons
  12 bats
  36 endoplasms
  5 giant cockroaches
  12 goblins
  10 hobgoblins
  15 jackals
  3 quokkas
  4 frilled lizards
  25 kobolds
  6 rats
406 creatures vanquished.

Vanquished Creatures (others)
  An unseen horror (D:11)
  13 fungi
  3 plants (D:6)
  8 toadstools (D:2)
25 creatures vanquished.

Grand Total: 431 creatures vanquished

Notes
Turn   | Place    | Note
-------+----------+-------------------------------------------
     0 | D:1      | Citaku the Minotaur Fighter began the quest for the Orb.
     0 | D:1      | Reached XP level 1. HP: 19/19 MP: 0/0
    19 | D:1      | Reached XP level 2. HP: 18/27 MP: 1/1
   106 | D:1      | Reached skill level 3 in Axes
   204 | D:1      | Reached XP level 3. HP: 33/33 MP: 2/2
  1126 | D:2      | Reached XP level 4. HP: 40/40 MP: 3/3
  1149 | D:2      | Noticed Jessica
  1155 | D:2      | Killed Jessica
  1453 | D:2      | Reached skill level 4 in Axes
  1466 | D:2      | Reached skill level 5 in Armour
  1466 | D:2      | Reached XP level 5. HP: 34/47 MP: 4/4
  1875 | D:3      | Found a faded altar of an unknown god.
  2014 | D:3      | Noticed Ijyb
  2025 | D:3      | Killed Ijyb
  2447 | D:3      | Identified the ring of Emeh {rElec rN+ AC+4 Str+7}
  2465 | D:3      | Found a glowing drain.
  2475 | Sewer    | Entered a sewer
  2528 | Sewer    | Reached XP level 6. HP: 51/53 MP: 5/5
  2600 | Sewer    | Found a viscous altar of Jiyva.
  2606 | Sewer    | Reached skill level 5 in Axes
  2780 | Sewer    | Reached skill level 5 in Shields
  2978 | D:3      | Noticed Terence
  2986 | D:3      | Killed Terence
  3013 | D:3      | Found Zuivue's Antique Weapon Emporium.
  3315 | D:3      | Found a white marble altar of Elyvilon.
  3315 | D:3      | Found a radiant altar of Vehumet.
  3316 | D:3      | Found a glowing silver altar of Zin.
  3493 | D:4      | Reached skill level 5 in Fighting
  3652 | D:4      | Reached XP level 7. HP: 55/61 MP: 6/6
  3663 | D:4      | Reached skill level 6 in Axes
  4009 | D:4      | Noticed Pikel
  4025 | D:4      | Killed Pikel
  4026 | D:4      | Reached skill level 7 in Axes
  4026 | D:4      | Reached XP level 8. HP: 57/70 MP: 7/7
  4590 | D:5      | Entered Level 5 of the Dungeon
  4888 | D:5      | Identified the +5 short sword of the Extremes {flame,
                  | +Blink Int+4 Dex-2 SInv}
  5916 | D:3      | Bought a shimmering hand axe for 248 gold pieces
  5916 | D:3      | Identified the +5 hand axe of Circularity {holy, rF+ Str+2
                  | Stlth+} (You bought it in a shop on level 3 of the Dungeon)
  6074 | D:6      | Noticed Maggie
  6082 | D:6      | Reached skill level 8 in Axes
  6088 | D:6      | Killed Maggie
  6249 | D:6      | Reached XP level 9. HP: 61/78 MP: 8/8
  6430 | D:6      | Reached skill level 9 in Axes
  6437 | D:6      | Noticed a two-headed ogre
  6459 | D:6      | Killed a two-headed ogre
  6600 | D:6      | Found a runed translucent gate.
  6600 | D:6      | Found a runed translucent gate.
  6600 | D:6      | Found a runed translucent gate.
  6602 | D:6      | Noticed a kobold demonologist
  6603 | D:6      | Noticed mn3067's ghost (novice GrGl)
  6622 | D:6      | Reached skill level 10 in Armour
  6803 | D:6      | Identified the +10 sling "Ultimatum" {speed, Will+}
  6896 | D:7      | Noticed Decipherer's ghost (novice MiBe)
  6896 | D:7      | Found a runed translucent door.
  6933 | D:7      | Reached skill level 10 in Axes
  6958 | D:7      | Found a blossoming altar of Fedhas.
  6986 | D:7      | Killed Decipherer's ghost
  6987 | D:7      | Reached XP level 10. HP: 64/88 MP: 9/9
  7412 | D:7      | Found a hazy altar of Hepliaklqana.
  7415 | D:7      | Found a glowing golden altar of the Shining One.
  7416 | D:7      | Found a shadowy altar of Dithmenos.
  7416 | D:7      | Found a sparkling altar of Nemelex Xobeh.
  7514 | D:7      | Found a staircase to the Ecumenical Temple.
  7519 | Temple   | Entered the Ecumenical Temple
  7669 | D:7      | Found a shimmering altar of Xom.
  7669 | D:7      | Found a burning altar of Makhleb.
  7816 | D:8      | Found an opulent altar of Gozag.
  8194 | D:8      | Reached skill level 11 in Axes
  8467 | D:8      | Found a stormy altar of Qazlal.
  8782 | D:8      | Became a worshipper of Gozag Ym Sagoz the Greedy
  9264 | D:8      | Found a staircase to the Lair.
  9991 | D:9      | Found Nolee's Weapon Shoppe.
 10006 | D:9      | Noticed a two-headed ogre
 10013 | D:9      | Killed a two-headed ogre
 10014 | D:9      | Reached skill level 12 in Axes
 10014 | D:9      | Reached XP level 11. HP: 91/97 MP: 10/10
 10041 | D:9      | Found a flagged portal.
 10055 | Bailey   | Entered a bailey
 10215 | Bailey   | Noticed an orc sorcerer
 10234 | Bailey   | Killed an orc sorcerer
 10941 | Bailey   | Found an iron altar of Okawaru.
 11569 | D:9      | Noticed a boulder beetle
 11633 | D:9      | Reached skill level 13 in Axes
 11648 | D:9      | a guardian serpent changed into a death drake
 11648 | D:9      | Noticed a death drake (shapeshifter)
 11650 | D:9      | a death drake changed into a steelbarb worm
 11650 | D:9      | Noticed a steelbarb worm (shapeshifter)
 11653 | D:9      | a steelbarb worm changed into a spark wasp
 11653 | D:9      | Noticed a spark wasp (shapeshifter)
 11668 | D:9      | a spark wasp changed into a tyrant leech
 11688 | D:9      | a tyrant leech changed into a four-headed hydra
 11688 | D:9      | Noticed a four-headed hydra (shapeshifter)
 11702 | D:9      | a four-headed hydra changed into a minotaur
 11702 | D:9      | Noticed a minotaur (shapeshifter)
 11726 | D:9      | Killed a minotaur
 11727 | D:9      | Reached skill level 10 in Shields
 11947 | D:9      | Killed a boulder beetle
 11948 | D:9      | Reached skill level 10 in Fighting
 12369 | D:9      | Noticed Prince Ribbit
 12374 | D:9      | Killed Prince Ribbit
 12875 | D:6      | Killed mn3067's ghost
 13111 | D:10     | Entered Level 10 of the Dungeon
 13494 | D:10     | Paralysed by a hornet for 2 turns
 13621 | D:10     | Noticed a two-headed ogre
 13630 | D:10     | Killed a two-headed ogre
 13631 | D:10     | Reached XP level 12. HP: 62/107 MP: 11/11
 14512 | D:11     | Acquired a manual of Axes
 14575 | D:11     | Identified the +11 glaive "Guexzapso" {drain, *Corrode
                  | rElec Int+2 Dex+8}
 14580 | D:11     | Reached skill level 14 in Axes
 15048 | D:11     | Noticed a boulder beetle
 15127 | D:11     | Killed a boulder beetle
 15355 | D:11     | Noticed a boulder beetle
 15384 | D:11     | Killed a boulder beetle
 15439 | D:11     | Reached skill level 15 in Axes
 16421 | D:12     | Reached skill level 15 in Armour
 16629 | D:12     | Noticed a two-headed ogre
 16629 | D:12     | Noticed an ogre mage
 16630 | D:12     | Noticed a two-headed ogre
 16630 | D:12     | Noticed a two-headed ogre
 16635 | D:12     | Noticed a two-headed ogre
 16957 | D:12     | Found a staircase to the Orcish Mines.
 16993 | D:12     | Killed an ogre mage
 16997 | D:12     | Killed a two-headed ogre
 16998 | D:12     | Reached skill level 16 in Axes
 17000 | D:12     | Killed a two-headed ogre
 17009 | D:12     | Killed a two-headed ogre
 17594 | D:12     | Reached XP level 13. HP: 111/116 MP: 12/12
 17808 | D:12     | Noticed Nessos
 17912 | D:12     | HP: 1/116 [poisoned by Nessos]
 17913 | D:12     | Succumbed to Nessos's poison

Illustrated notes

Levels and vault maps discovered:
D:1:      lemuel_arrival_rhombus, layout_basic
D:2:      cheibrodos_fertilizer, layout_loops_ring, grunt_ministairs_2,
          uniq_jessica
D:3:      layout_basic, nicolae_overflow_hidden_temple,
          hellmonk_ecumenical_altar_crossroads, portal_sewer_entry_d,
          serial_shops, nicolae_shop_hallway_plus, uniq_terence, uniq_ijyb
D:4:      layout_basic, minmay_vboxes, uniq_pikel
D:5:      layout_loops_ring
D:6:      layout_rooms, gammafunk_ghost_nasty_kobolds, uniq_maggie
D:7:      layout_rooms, grunt_temple_overflow_champion_of_chaos,
          grunt_temple_overflow_open, lemuel_crystal_altar, temple_doors_ab,
          hellmonk_ghost_happy_afterlife
D:8:      layout_cave_pods, grunt_qazlal_sundering,
          mainiacjoe_overflow_surrounded_room, erik_lair_dragon, roderic_batcave
D:9:      minmay_chambers_of_sixes, layout_basic, enter_bailey_5, serial_shops,
          nicolae_take_the_stairs, uniq_prince_ribbit1
D:10:     layout_irregular_city, minivault_22
D:11:     lemuel_slime, layout_long_grid
D:12:     layout_basic, orc_0_dummy, uniq_nessos
Temple:   hellmonk_temple_rainy

Skill      XL: |  1  2  3  4  5  6  7  8  9 10 11 12 |
---------------+-------------------------------------+-----
Armour         | 4 5 6 7 8 10 12 14 15 | 15.6
Axes           | 3 4 5 7 8 10 12 13 16 | 16.6
Shields        | 4 5 6 8 9 10 11 | 11.5
Fighting       | 4 5 6 7 9 10 11 | 11.4

Action                   |  1- 3 |  4- 6 |  7- 9 | 10-12 | 13-15 || total
-------------------------+-------+-------+-------+-------+-------++-------
Melee: War axe           |    89 |   135 |       |       |       ||   224
       Headbutt          |     8 |    22 |    46 |   195 |     4 ||   275
       Hand axe          |       |     8 |   228 |   800 |    14 ||  1050
  Use: Potion            |       |     5 |     1 |    16 |     6 ||    28
       Scroll            |       |     4 |       |    14 |     2 ||    20
 Stab: Distracted        |       |       |       |     3 |       ||     3
Armor: Scale mail        |    58 |    79 |    56 |       |       ||   193
       Acid dragon scale |       |       |    37 |    43 |       ||    80
       Plate armour      |       |       |       |   414 |    17 ||   431
Dodge: Dodged            |    67 |    68 |    88 |   230 |    11 ||   464
Block: Buckler           |    39 |    35 |    52 |   175 |    12 ||   313

Table legend: (Time is in decaauts)
 A = Elapsed time spent in this place.
 B = Non-inter-level travel time spent in this place.
 C = Inter-level travel time spent in this place.
 D = Time resting spent in this place.
 E = Time spent auto-exploring this place.
 F = Levels seen in this place.
 G = Mean time per level.
                   A        B        C        D        E       F      G
               +--------+--------+--------+--------+--------+-----+--------+
         Total |  17780 |  17098 |    682 |    967 |  11426 |  15 | 1185.3 |
       Dungeon |  16227 |  15545 |    682 |    816 |  10569 |  12 | 1352.2 |
        Temple |     23 |     23 |      0 |      0 |      1 |   1 |   23.0 |
         Sewer |    398 |    398 |      0 |      0 |    180 |   1 |  398.0 |
        Bailey |   1130 |   1130 |      0 |    151 |    675 |   1 | 1130.0 |
               +--------+--------+--------+--------+--------+-----+--------+

Top non-repeatable levels by time:
    D:11: 1970 daAuts
     D:8: 1879 daAuts
     D:3: 1788 daAuts
     D:9: 1691 daAuts
    D:12: 1547 daAuts
     D:2: 1326 daAuts
     D:4: 1315 daAuts
  Bailey: 1130 daAuts
    D:10: 1129 daAuts
     D:6: 1080 daAuts
     D:5: 1020 daAuts
     D:7: 849 daAuts
     D:1: 628 daAuts
   Sewer: 398 daAuts
  Temple: 23 daAuts
